Map: El Dorado

Players

IIIIIIIIIIII - Winner!

  • Race: Terran Terran
  • League: Diamond
  • Spawn Location: 7:00

Emperortaco

  • Race: Terran Terran
  • League: Diamond
  • Spawn Location: 5:00

VOD

Have the link to the VOD?

Description

Time

  • Played on: March 17, 2025, 4:55 a.m.
  • Length: 9:34
Show
View Real Time Build Order
Export as new Build Order

IIIIIIIIIIII Terran - Winner!

Build Orders:  

Get SALT Encoding   

  12  0:00  SCV  
  13  0:13  SCV  
  14  0:18  Supply Depot  
  14  0:25  SCV  
  15  0:30  Refinery  
  15  0:42  Barracks  
  15  0:45  SCV  
  16  0:58  Refinery  
  16  0:59  SCV  
  17  1:11  SCV  
  18  1:23  SCV  
  19  1:29  Barracks Reactor  
  19  1:37  Factory  
  19  1:42  Orbital Command  
  19  1:53  Supply Depot  
  19  2:06  Reaper x2  
  21  2:09  SCV  
  22  2:22  Hellion  
  24  2:23  SCV  
  25  2:32  Supply Depot  
  25  2:35  SCV  
  26  2:38  Reaper x2  
  26  2:44  Hellion  
  30  2:57  SCV  
  31  3:07  Command Center  
  31  3:09  Factory Tech Lab  
  31  3:20  Starport  
  31  3:28  Cyclone  
  31  3:32  SCV  
  35  3:57  Viking  
  35  3:58  Viking  
  39  4:13  Supply Depot  
  37  4:18  Siege Tank  
  40  4:28  Orbital Command  
  41  4:32  Refinery  
  41  4:34  Viking  
  41  4:35  Viking  
  44  4:40  SCV  
  45  4:46  Refinery  
  45  4:50  Siege Tank  
  48  4:53  SCV  
  49  5:08  Liberator  
  49  5:09  SCV x2  
  54  5:21  SCV x2  
  54  5:23  Siege Tank  
  59  5:44  Viking  
  59  5:47  SCV  
  62  5:51  Barracks Reactor, Starport  
  62  5:54  SCV  
  63  6:31  Viking x2  
  63  6:32  Siege Tank  
  69  6:59  SCV x2  
  66  7:04  Viking x2  
  70  7:09  Supply Depot  
  70  7:10  Barracks Tech Lab  
  70  7:26  SCV x2  
  70  7:27  Viking x2  
  70  7:31  Siege Tank  
  73  7:37  Factory  
  73  7:42  Viking x2  
  72  8:13  Viking x2  
  76  8:33  SCV x2  
  78  8:39  Supply Depot  
  78  8:41  Supply Depot  
  78  8:42  Command Center, Supply Depot  
  78  8:46  SCV  
  77  8:56  SCV  
  77  8:58  SCV  
  77  8:59  Siege Tank  
  81  9:08  SCV  
  86  9:10  SCV  
Show
View Real Time Build Order
Export as new Build Order

Emperortaco Terran 

Build Orders: Reaper Expand 

Get SALT Encoding   

  12  0:00  SCV  
  13  0:12  SCV  
  14  0:18  Supply Depot  
  14  0:24  SCV  
  15  0:40  SCV  
  15  0:41  Barracks  
  16  0:48  Refinery  
  16  0:52  SCV  
  17  1:04  SCV  
  18  1:16  SCV  
  19  1:29  Orbital Command  
  19  1:31  Reaper  
  20  1:48  Command Center  
  20  1:56  SCV  
  21  2:03  Barracks Reactor  
  21  2:05  Supply Depot  
  21  2:17  SCV  
  21  2:18  Refinery  
  22  2:27  Factory  
  22  2:29  SCV  
  23  2:40  Marine x2  
  23  2:42  SCV  
  25  2:54  SCV  
  25  2:57  Barracks  
  26  3:01  Marine x2  
  27  3:05  Orbital Command  
  28  3:12  Factory Tech Lab  
  28  3:15  SCV  
  28  3:19  Marine x2  
  31  3:25  Starport  
  31  3:28  SCV  
  31  3:32  SCV  
  33  3:37  Cyclone  
  33  3:40  SCV  
  36  3:53  Barracks Tech Lab, Marine x2  
  37  4:04  Medivac  
  37  4:05  SCV  
  37  4:06  SCV  
  40  4:16  Siege Tank  
  43  4:23  SCV x2  
  45  4:24  Stimpack  
  45  4:27  Marine  
  46  4:41  Supply Depot  
  46  4:43  Supply Depot  
  46  4:44  Starport Reactor  
  46  5:00  Refinery  
  46  5:01  Refinery  
  46  5:02  Siege Tank, SCV x2, Marine  
  46  5:04  Marine x2  
  46  5:05  Supply Depot  
  54  5:17  SCV x2  
  56  5:22  Viking  
  56  5:23  Viking  
  60  5:38  Siege Tank  
  61  5:58  Marine x3  
  61  6:03  Viking x2  
  68  6:16  Marine x2  
  70  6:18  Marine  
  70  6:24  Supply Depot  
  70  6:25  Command Center, Supply Depot  
  69  6:33  Liberator, Viking  
  69  6:34  Marine x2  
  69  6:36  Marine  
  64  6:59  Siege Tank  
  64  7:03  Starport  
  64  7:09  Bunker  
  60  7:35  Liberator, Viking  
  60  7:38  Marine x3  
  63  7:51  Viking  
  55  7:55  SCV x2  
  57  8:04  Widow Mine  
  57  8:05  Viking  
  56  8:07  SCV  
  57  8:18  Viking, Marine x3  
  59  8:21  Viking  
  61  8:35  Viking  
  61  8:36  Marine x2  
  61  8:40  Orbital Command  
Tags
 
Matchup
TvT
Race
Terran
Spawn Locations
Close Positions
Add a new tag
Caveats
  • Supply blocks, unpowered buildings, or Contaminate may cause inaccurate times.
  • Supply counts are checked every 10 seconds.